NTL
ABERDEEN PHEASANTS @ DULUTH-SUPERIOR DUKES
06/27/1982
 
TOP OF THE 1ST
Aberdeen Pheasants batting - Pitching for Duluth-Superior Dukes : RHP Pete Rice
Pitching: RHP Pete Rice
Batting: SHB Stephen Moore 0-0: Ground out 1-3 (Groundball, 13S, EV 76.9 MPH)
Batting: RHB Greg Howe 0-0: Ball
1-0: Ball
2-0: Swinging Strike
2-1: Foul Ball, location: 2F
2-2: Foul Ball, location: 2F
2-2: Ground out 6-3 (Groundball, 6M, EV 101.3 MPH)
Batting: LHB Sergio Leija 0-0: Swinging Strike
0-1: Called Strike
0-2: Reached on error, E4 (Groundball, 4, EV 76.9 MPH)
Batting: LHB Robert McNair 0-0: Called Strike
0-1: Ball
1-1: Ball
2-1: 2-RUN HOME RUN (Flyball, 8LXD, EV 97.5 MPH), Distance : 422 ft
Batting: RHB Harry McCulla 0-0: Swinging Strike
0-1: Ball
1-1: Ball
2-1: Called Strike
2-2: Ball
3-2: Foul Ball, location: 2F
3-2: Strikes out looking
Top of the 1st over - 2 runs, 1 hit, 1 error, 0 left on base; Aberdeen 2 - Duluth-Superior 0
BOTTOM OF THE 1ST
Duluth-Superior Dukes batting - Pitching for Aberdeen Pheasants : RHP Dave Beard
Pitching: RHP Dave Beard
Batting: RHB Ricky Sheetz 0-0: Ball
1-0: Foul Ball, location: 2F
1-1: Foul Ball, location: 2F
1-2: Ball
2-2: Strikes out swinging
Batting: LHB Ralph Bryant 0-0: Ball
1-0: Ball
2-0: SINGLE (Flyball, 78S, EV 96.3 MPH)
Batting: LHB Ron Henika 0-0: Ball
Ralph Bryant is caught stealing 2nd base 2-6
1-0: SINGLE (Line Drive, 9S, EV 106.9 MPH)
Batting: RHB Dave Hengel 0-0: Called Strike
0-1: Ball
1-1: DOUBLE (Flyball, 89D, EV 110.6 MPH)
Ron Henika to third
Runner from 3rd tries for Home, SAFE, throw by RF to trailing runner, SAFE at third!
Batting: RHB Jim Ferguson 0-0: Called Strike
0-1: Ball
1-1: Ball
2-1: Foul Ball, location: 2F
2-2: TRIPLE (Line Drive, 78XD, EV 106.3 MPH)
Dave Hengel scores
Batting: RHB Leo Vargas 0-0: Ball
1-0: Called Strike
1-1: Fly out, F4 (Popup, 23, EV 82.5 MPH)
Bottom of the 1st over - 2 runs, 4 hits, 0 errors, 1 left on base; Aberdeen 2 - Duluth-Superior 2
TOP OF THE 2ND
Aberdeen Pheasants batting - Pitching for Duluth-Superior Dukes : RHP Pete Rice
Batting: RHB Pedro Chavez 0-0: Ball
1-0: Swinging Strike
1-1: Foul Ball, location: 2F
1-2: Ball
2-2: Foul Ball, location: 2F
2-2: Ball
3-2: Base on Balls
Batting: RHB Alejandro Luna 0-0: Called Strike
0-1: Ball
1-1: Ball
2-1: SINGLE (Line Drive, 56D, EV 104.4 MPH)
Pedro Chavez to second
Batting: RHB Diego Martinez 0-0: Swinging Strike
0-1: Ball
1-1: Foul Ball, location: 2F
1-2: Foul Ball, location: 2F
1-2: Foul Ball, location: 2F
1-2: Ball
2-2: Strikes out swinging
Batting: RHB Mike Foote 0-0: Swinging Strike
0-1: Called Strike
Pedro Chavez steals 3rd base
Alejandro Luna to second
0-2: Strikes out looking
Batting: SHB Stephen Moore 0-0: Ball
1-0: Foul Ball, location: 2F
1-1: Swinging Strike
1-2: Ground out 6-3 (Groundball, 6, EV 80.0 MPH)
Top of the 2nd over - 0 runs, 1 hit, 0 errors, 2 left on base; Aberdeen 2 - Duluth-Superior 2
BOTTOM OF THE 2ND
Duluth-Superior Dukes batting - Pitching for Aberdeen Pheasants : RHP Dave Beard
Batting: RHB Gary Hinson 0-0: Ball
1-0: Swinging Strike
1-1: Ground out U3 (Groundball, 3, EV 106.9 MPH)
Batting: RHB Cecil Whitehead 0-0: Called Strike
0-1: Ball
1-1: Ground out 6-3 (Groundball, 4MS, EV 92.5 MPH)
Batting: RHB Hector Cervantes 0-0: Ball
1-0: Ground out 1-3 (Groundball, 13, EV 71.3 MPH)
Bottom of the 2nd over - 0 runs, 0 hits, 0 errors, 0 left on base; Aberdeen 2 - Duluth-Superior 2
TOP OF THE 3RD
Aberdeen Pheasants batting - Pitching for Duluth-Superior Dukes : RHP Pete Rice
Batting: RHB Greg Howe 0-0: Called Strike
0-1: Ball
1-1: Ball
2-1: Ball
3-1: Base on Balls
Batting: LHB Sergio Leija 0-0: Ball
1-0: Fielders Choice at 2nd, 1-6 (Groundball, 34S, EV 75.0 MPH)
Batting: LHB Robert McNair 0-0: Ball
Sergio Leija is caught stealing 2nd base 2-6
1-0: Foul Ball, location: 2F
1-1: Fly out, F9 (Flyball, 89D, EV 103.1 MPH)
Top of the 3rd over - 0 runs, 0 hits, 0 errors, 0 left on base; Aberdeen 2 - Duluth-Superior 2
BOTTOM OF THE 3RD
Duluth-Superior Dukes batting - Pitching for Aberdeen Pheasants : RHP Dave Beard
Batting: RHB Ricky Sheetz 0-0: Ball
1-0: Ball
2-0: Ball
3-0: Swinging Strike
3-1: Base on Balls
Batting: LHB Ralph Bryant 0-0: SINGLE (Line Drive, 89S, EV 98.8 MPH)
Ricky Sheetz to second
Batting: LHB Ron Henika 0-0: Swinging Strike
0-1: Ball
1-1: Ball
2-1: Ball
3-1: Called Strike
3-2: Base on Balls
Ricky Sheetz to third
Ralph Bryant to second
Batting: RHB Dave Hengel 0-0: Foul Ball, location: 2F
0-1: Ball
1-1: Ball
2-1: Fly out, F9 (Flyball, 9D, EV 93.8 MPH)
Runner from 3rd tags up, SCORES, no throw by RF
Ralph Bryant to third
Batting: RHB Jim Ferguson 0-0: Ball
1-0: Ball
2-0: Ball
3-0: Called Strike
3-1: Foul Ball, location: 2F
3-2: Fly out, F8 (Line Drive, 8RD, EV 85.6 MPH)
Runner from 3rd tags up, SCORES, throw by CF
Batting: RHB Leo Vargas 0-0: Ball
1-0: Called Strike
1-1: Called Strike
1-2: Strikes out swinging
Bottom of the 3rd over - 2 runs, 1 hit, 0 errors, 1 left on base; Aberdeen 2 - Duluth-Superior 4
TOP OF THE 4TH
Aberdeen Pheasants batting - Pitching for Duluth-Superior Dukes : RHP Pete Rice
Batting: RHB Harry McCulla 0-0: Called Strike
0-1: Fly out, F8 (Flyball, 89M, EV 93.8 MPH)
Batting: RHB Pedro Chavez 0-0: Foul Ball, location: 2F
0-1: Swinging Strike
0-2: Ball
1-2: Strikes out swinging
Batting: RHB Alejandro Luna 0-0: Fly out, F9 (Flyball, 9LM, EV 98.8 MPH)
Top of the 4th over - 0 runs, 0 hits, 0 errors, 0 left on base; Aberdeen 2 - Duluth-Superior 4
BOTTOM OF THE 4TH
Duluth-Superior Dukes batting - Pitching for Aberdeen Pheasants : RHP Dave Beard
Batting: RHB Gary Hinson 0-0: Ball
1-0: Ball
2-0: Ball
3-0: Called Strike
3-1: Base on Balls
Batting: RHB Cecil Whitehead 0-0: Ball
1-0: Ball
2-0: Called Strike
2-1: Foul Ball, location: 2F
2-2: Strikes out looking
Batting: RHB Hector Cervantes 0-0: Called Strike
0-1: Ball
1-1: Ball
2-1: Foul Ball, location: 2F
2-2: Fly out, F4 (Popup, 34D, EV 69.4 MPH)
Batting: RHB Ricky Sheetz 0-0: Called Strike
0-1: Foul Ball, location: 2F
0-2: Ball
1-2: Foul Ball, location: 2F
1-2: Foul Ball, location: 2F
1-2: Foul Ball, location: 2F
1-2: Ball
2-2: Ball
3-2: Ground out 6-3 (Groundball, 6, EV 85.0 MPH)
Bottom of the 4th over - 0 runs, 0 hits, 0 errors, 1 left on base; Aberdeen 2 - Duluth-Superior 4
TOP OF THE 5TH
Aberdeen Pheasants batting - Pitching for Duluth-Superior Dukes : RHP Pete Rice
Batting: RHB Diego Martinez 0-0: Called Strike
0-1: Ball
1-1: Foul Ball, location: 2F
1-2: Strikes out looking
Batting: RHB Mike Foote 0-0: Ball
1-0: Called Strike
1-1: Foul Ball, location: 2F
1-2: Ball
2-2: Foul Ball, location: 2F
2-2: Fly out, F8 (Flyball, 78D, EV 95.0 MPH)
Batting: SHB Stephen Moore 0-0: Ball
1-0: Fly out, F5 (Popup, 56, EV 76.9 MPH)
Top of the 5th over - 0 runs, 0 hits, 0 errors, 0 left on base; Aberdeen 2 - Duluth-Superior 4
BOTTOM OF THE 5TH
Duluth-Superior Dukes batting - Pitching for Aberdeen Pheasants : RHP Dave Beard
Batting: LHB Ralph Bryant 0-0: Foul Ball, location: 2F
0-1: Called Strike
0-2: Ball
1-2: SINGLE (Line Drive, 8RS, EV 102.5 MPH)
Batting: LHB Ron Henika 0-0: Ball
1-0: Called Strike
1-1: Foul Ball, location: 2F
1-2: Ball
2-2: Ball
3-2: Base on Balls
Ralph Bryant to second
Batting: RHB Dave Hengel 0-0: Ball
1-0: Called Strike
1-1: Grounds into double play, 6-4-3 (Groundball, 6, EV 78.1 MPH)
Ralph Bryant to third
Batting: RHB Jim Ferguson 0-0: Called Strike
0-1: Ball
1-1: Fly out, F9 (Line Drive, 9, EV 93.1 MPH)
Bottom of the 5th over - 0 runs, 1 hit, 0 errors, 1 left on base; Aberdeen 2 - Duluth-Superior 4
TOP OF THE 6TH
Aberdeen Pheasants batting - Pitching for Duluth-Superior Dukes : RHP Pete Rice
Batting: RHB Greg Howe 0-0: Called Strike
0-1: Ball
1-1: Called Strike
1-2: Strikes out swinging, 2-3 out at first.
Batting: LHB Sergio Leija 0-0: SINGLE (Groundball, 4MD, EV 93.8 MPH)
Batting: LHB Robert McNair 0-0: Ball
1-0: Swinging Strike
1-1: Ball
2-1: Called Strike
2-2: Foul Ball, location: 2F
2-2: Foul Ball, location: 2F
2-2: 2-RUN HOME RUN (Flyball, 9LD, EV 103.8 MPH), Distance : 354 ft
Batting: RHB Harry McCulla 0-0: Fly out, F8 (Flyball, 8LM, EV 88.1 MPH)
Batting: RHB Pedro Chavez 0-0: SINGLE (Line Drive, 9S, EV 91.3 MPH)
Batting: RHB Alejandro Luna 0-0: Foul Ball, location: 2F
0-1: Ground out 2-3 (Groundball, 2L, EV 68.1 MPH)
Top of the 6th over - 2 runs, 3 hits, 0 errors, 1 left on base; Aberdeen 4 - Duluth-Superior 4
BOTTOM OF THE 6TH
Duluth-Superior Dukes batting - Pitching for Aberdeen Pheasants : RHP Dave Beard
Batting: RHB Leo Vargas 0-0: Fly out, F7 (Flyball, 78D, EV 89.4 MPH)
Batting: RHB Gary Hinson 0-0: Ball
1-0: Called Strike
1-1: Fly out, F5 (Line Drive, 5, EV 64.4 MPH)
Batting: RHB Cecil Whitehead 0-0: Ball
1-0: Swinging Strike
1-1: Swinging Strike
1-2: Ground out 6-3 (Groundball, 6, EV 90.6 MPH)
Bottom of the 6th over - 0 runs, 0 hits, 0 errors, 0 left on base; Aberdeen 4 - Duluth-Superior 4
TOP OF THE 7TH
Aberdeen Pheasants batting - Pitching for Duluth-Superior Dukes : RHP Pete Rice
Batting: RHB Diego Martinez 0-0: Called Strike
0-1: Ball
1-1: Foul Ball, location: 2F
1-2: Strikes out swinging
Batting: RHB Mike Foote 0-0: Ball
1-0: Ball
2-0: Called Strike
2-1: Swinging Strike
2-2: Ball
3-2: Strikes out looking
Batting: SHB Stephen Moore 0-0: Foul Ball, location: 2F
0-1: Ball
1-1: Ball
2-1: Ball
3-1: Called Strike
3-2: Base on Balls
Pitching: LHP Kenneth Lindsey
Batting: RHB Greg Howe 0-0: Ball
1-0: Ground out 4-3 (Groundball, 34, EV 104.4 MPH)
Top of the 7th over - 0 runs, 0 hits, 0 errors, 1 left on base; Aberdeen 4 - Duluth-Superior 4
BOTTOM OF THE 7TH
Duluth-Superior Dukes batting - Pitching for Aberdeen Pheasants : RHP Dave Beard
Batting: RHB Hector Cervantes 0-0: Foul Ball, location: 2F
0-1: Fly out, F8 (Flyball, 89M, EV 76.9 MPH)
Batting: RHB Ricky Sheetz 0-0: Called Strike
0-1: Ball
1-1: Foul Ball, location: 2F
1-2: Strikes out swinging
Batting: LHB Ralph Bryant 0-0: Ground out 4-3 (Groundball, 4, EV 78.8 MPH)
Bottom of the 7th over - 0 runs, 0 hits, 0 errors, 0 left on base; Aberdeen 4 - Duluth-Superior 4
TOP OF THE 8TH
Aberdeen Pheasants batting - Pitching for Duluth-Superior Dukes : LHP Kenneth Lindsey
Batting: LHB Sergio Leija 0-0: Fly out, F9 (Flyball, 89M, EV 91.3 MPH)
Batting: LHB Robert McNair 0-0: Called Strike
0-1: Called Strike
0-2: Ball
1-2: Ball
2-2: Ball
3-2: Strikes out swinging
Batting: RHB Harry McCulla 0-0: Ball
1-0: Foul Ball, location: 2F
1-1: Swinging Strike
1-2: Strikes out swinging
Top of the 8th over - 0 runs, 0 hits, 0 errors, 0 left on base; Aberdeen 4 - Duluth-Superior 4
BOTTOM OF THE 8TH
Duluth-Superior Dukes batting - Pitching for Aberdeen Pheasants : RHP Dave Beard
Batting: LHB Ron Henika 0-0: Ball
1-0: DOUBLE (Line Drive, 7D, EV 91.9 MPH)
Batting: RHB Dave Hengel 0-0: Intentional Walk
Pinch Runner at 2nd Scott Loucks:
Batting: RHB Jim Ferguson 0-0: Called Strike
0-1: SINGLE (Line Drive, 3D, EV 94.4 MPH)
Scott Loucks to third
Dave Hengel to second
Batting: RHB Leo Vargas 0-0: Fly out, F9 (Flyball, 89S, EV 88.8 MPH)
Runner from 3rd tags up, SCORES, throw by RF
Dave Hengel to third
Batting: RHB Gary Hinson 0-0: SINGLE (Line Drive, 7S, EV 93.1 MPH)
Dave Hengel scores
Jim Ferguson to second
Pitching: RHP John Altman
Batting: RHB Cecil Whitehead 0-0: Ball
1-0: Swinging Strike
1-1: Foul Ball, location: 2F
1-2: Reached on error, E2 (Groundball, 13S, EV 65.0 MPH)
Jim Ferguson to third
Gary Hinson to second
Batting: RHB Hector Cervantes 0-0: Called Strike
0-1: Swinging Strike
0-2: Ball
1-2: Fly out, F8 (Flyball, 8RM, EV 83.8 MPH)
Batting: RHB Ricky Sheetz 0-0: Called Strike
0-1: Called Strike
0-2: Foul Ball, location: 2F
0-2: Strikes out swinging
Bottom of the 8th over - 2 runs, 3 hits, 1 error, 3 left on base; Aberdeen 4 - Duluth-Superior 6
TOP OF THE 9TH
Aberdeen Pheasants batting - Pitching for Duluth-Superior Dukes : LHP Kenneth Lindsey
Pitching: RHP Arthur Diekmann
Now at 1B: Garry Humpston
Now at 2B: Everette Smith
Batting: RHB Pedro Chavez 0-0: Ball
1-0: Called Strike
1-1: Ground out 6-3 (Groundball, 6, EV 81.9 MPH)
Batting: RHB Alejandro Luna 0-0: Ground out 6-3 (Groundball, 6MD, EV 105.6 MPH)
Batting: RHB Diego Martinez 0-0: Called Strike
0-1: Ball
1-1: Ball
2-1: Foul Ball, location: 2F
2-2: DOUBLE (Line Drive, 89D, EV 100.6 MPH)
Pinch Hitting: RHB Thomas Masterson 0-0: Called Strike
0-1: Foul Ball, location: 2F
0-2: Fly out, F7 (Flyball, 7S, EV 80.0 MPH)
Top of the 9th over - 0 runs, 1 hit, 0 errors, 1 left on base; Aberdeen 4 - Duluth-Superior 6
Wednesday, August 12th, 2020 - OOTP Baseball 21.5 Build 76